 Dungeon Crawl Stone Soup version 0.30-a0-857-gcaf70739d4 (webtiles) character file.

Game seed: 15029787147117956331

506 cforsyth the Magician (level 6, 0/32 HPs)
             Began as a Deep Elf Earth Elementalist on Mar 5, 2023.
             Slain by a centaur (3 damage)
             ... on level 5 of the Dungeon.
             The game lasted 00:05:44 (3204 turns).

cforsyth the Magician (Deep Elf Earth Elementalist) Turns: 3204, Time: 00:05:45

Health: 0/32       AC:  2    Str:  5    XL:     6   Next: 97%
Magic:  18/18      EV: 12    Int: 22    God:
Gold:   193        SH:  0    Dex: 15    Spells: 18/19 levels left

rFire   . . .      SeeInvis .    (no weapon)
rCold   . . .      Faith    .    (no shield)
rNeg    . . .      Spirit   .    a - +0 robe
rPois   .          Reflect  .    (no helmet)
rElec   .          Rampage  .    (no cloak)
rCorr   .                        (no gloves)
Will    .....                    (no boots)
Stlth   ++                       (no amulet)
HPRegen 0.25/turn                (no ring)
MPRegen 0.16/turn                (no ring)

@: no status effects
A: no striking features
a: no special abilities


You were on level 5 of the Dungeon.
You visited 1 branch of the dungeon, and saw 5 of its levels.

You collected 193 gold pieces.

Inventory:

Armour
 a - a +0 robe (worn)
Jewellery
 s - a ring of resist corrosion
 v - a ring of wizardry
Scrolls
 e - 2 scrolls of poison {unknown}
 h - 3 scrolls of teleportation
 i - 2 scrolls of fear {unknown}
 k - a scroll of enchant weapon {unknown}
 l - 2 scrolls of vulnerability {unknown}
 n - 3 scrolls of amnesia {unknown}
 o - 5 scrolls of identify {unknown}
 p - a scroll of summoning {unknown}
 q - a scroll of silence {unknown}
 u - a scroll of noise {unknown}
Potions
 b - a potion of magic
 d - 2 potions of degeneration {unknown}
 f - a potion of ambrosia {unknown}
 g - 5 potions of flight {unknown}
 j - a potion of haste {unknown}
 m - a potion of might {unknown}
 r - 6 potions of curing {unknown}
 t - a potion of berserk rage {unknown}


   Skills:
 - Level 2.4 Dodging
 - Level 2.4 Stealth
 + Level 7.4 Spellcasting
 - Level 1.1 Transmutations
 + Level 6.5 Earth Magic


You had 18 spell levels left.
You knew the following spells:

 Your Spells              Type           Power      Damage    Failure   Level
a - Sandblast             Erth           74%        2d16      1%          1

Your spell library contained the following spells:

 Spells                   Type           Power      Damage    Failure   Level
 Passwall                 Tmut/Erth      20%        N/A       2%          2
 Stone Arrow              Conj/Erth      44%        3d9       6%          3
 Petrify                  Tmut/Erth      25%        N/A       16%         4


Dungeon Overview and Level Annotations

Branches:
Dungeon (4/15)
 Temple: D:4-7

Altars:

Shops:
D:1 [   D:3 *   D:4 ?

Annotations:
D:5 Dowan, Duvessa


Message History

The blast of sand hits the sleepcap!!
The sleepcap is almost destroyed.
The blast of sand hits the sleepcap!
You destroy the sleepcap!
Dowan points at you and mumbles some strange words.
The puff of frost hits you!
Duvessa, Sister of Dowan comes into view.
She is wielding a +0 short sword.
A hound comes into view.
Dowan gestures at you while chanting.
The puff of frost hits you! 2 hounds come into view.
The hound moves out of view.
An adder comes into view.
A jelly comes into view.
As you read the scroll labelled CODAWA ODAESK, it crumbles to dust.
You feel strangely unstable.
It was a scroll of teleportation.
The hound bites you but does no damage. The hound bites you.
The hound bites you. x2
The hound attacks as you move away! The hound bites you.
* * * LOW HITPOINT WARNING * * *
The hound misses you. The hound bites you.
* * * LOW HITPOINT WARNING * * *
You feel much better.
Your surroundings suddenly seem different.
You hear a distant slurping noise.
The sentinel's mark upon you fades away.
An orc comes into view. It is wielding a +0 flail.
The orc shouts!
The blast of sand hits the orc!
You kill the orc!
Found 5 stones.
Magic restored.
A centaur comes into view.
The centaur wields a +0 shortbow.
The centaur shoots an arrow.
The arrow hits you!
The centaur shoots an arrow.
The arrow hits you!
The centaur shoots an arrow.
The arrow hits you!
* * * LOW HITPOINT WARNING * * *
The centaur unwields a +0 shortbow.
The centaur closely misses you. The centaur kicks you.
You die...

# #.##.# #..# # #.##.#
#..# # #.##.# #..# #
#.##.# #..#
######.##.# #..#
.......##.# #..#####.#
#########^###.(.......
.........#####.#..
..........@c......
##############.##.


You could see a centaur.

Vanquished Creatures
  A centaur (D:5)
  A scorpion (D:5)
  An orc priest (D:3)
  A hound (D:5)
  A sleepcap (D:5)
  Natasha (thrice) (D:3)
  3 orc wizards
  2 adders (D:3)
  5 dart slugs
  20 orcs
  4 bats (D:1)
  8 endoplasms
  4 giant cockroaches
  6 hobgoblins
  8 jackals
  3 ball pythons
  2 frilled lizards
  4 goblins
  8 kobolds
  6 rats
91 creatures vanquished.

Notes
Turn   | Place    | Note
-------+----------+-------------------------------------------
     0 | D:1      | cforsyth the Deep Elf Earth Elementalist began the quest
                  | for the Orb.
     0 | D:1      | Reached XP level 1. HP: 10/10 MP: 6/6
   224 | D:1      | Reached XP level 2. HP: 15/15 MP: 5/8
   267 | D:1      | Found a faded altar of an unknown god.
   556 | D:1      | Reached skill level 4 in Spellcasting
   680 | D:1      | Found Riokaqey's Antique Armour Shoppe.
   798 | D:1      | Reached XP level 3. HP: 19/19 MP: 8/10
  1722 | D:3      | Reached XP level 4. HP: 24/24 MP: 7/12
  2076 | D:3      | Reached skill level 5 in Spellcasting
  2085 | D:3      | Reached skill level 5 in Earth Magic
  2085 | D:3      | Reached XP level 5. HP: 23/28 MP: 5/14
  2176 | D:3      | Noticed Natasha
  2183 | D:3      | Killed Natasha
  2186 | D:3      | Reached skill level 6 in Spellcasting
  2356 | D:3      | Noticed Natasha
  2359 | D:3      | Killed Natasha
  2414 | D:3      | Found Leefrutz's General Store.
  2493 | D:3      | Noticed Natasha
  2497 | D:3      | Killed Natasha
  2498 | D:3      | Reached XP level 6. HP: 23/32 MP: 14/17
  2747 | D:4      | Found Eleobolu's Magic Scroll Emporium.
  2888 | D:4      | You fall into a shaft and drop 1 floor!
  2888 | D:5      | Entered Level 5 of the Dungeon
  3023 | D:5      | Reached skill level 7 in Spellcasting
  3135 | D:5      | Noticed Dowan
  3142 | D:5      | Noticed Duvessa
  3204 | D:5      | Slain by a centaur

Illustrated notes

Levels and vault maps discovered:
D:1:      eino_arrival_tree_alley, layout_basic, serial_shops,
          nicolae_diamond_shop, basic_ecumenical_altar
D:2:      layout_loops_ring, minmay_domino_4
D:3:      layout_loops_ring, serial_shops, nicolae_lakefront_shop, uniq_natasha
D:4:      layout_loops_ring, gammafunk_temple_overflow_statue,
          minmay_temple_entry_junction, serial_shops, kennysheep_mini,
          nicolae_elemental_shop, uniq_edmund, uniq_menkaure, uniq_ijyb
D:5:      layout_basic, uniq_duvessa

Skill      XL: |  1  2  3  4  5  6 |
---------------+-------------------+-----
Spellcasting   | 4 5 6 7 |  7.4
Earth Magic    | 4 5 6 |  6.5
Dodging        | |  2.4
Stealth        | |  2.4
Transmutations | |  1.1

Action                     |  1- 3 |  4- 6 || total
---------------------------+-------+-------++-------
   Cast: Sandblast         |    57 |    64 ||   121
    Use: Potion            |       |     2 ||     2
         Scroll            |       |     1 ||     1
 Armour: Robe              |     2 |     3 ||     5
  Dodge: Dodged            |    14 |    12 ||    26

Table legend: (Time is in decaauts)
 A = Elapsed time spent in this place.
 B = Non-inter-level travel time spent in this place.
 C = Inter-level travel time spent in this place.
 D = Time resting spent in this place.
 E = Time spent auto-exploring this place.
 F = Levels seen in this place.
 G = Mean time per level.
                   A        B        C        D        E       F      G
               +--------+--------+--------+--------+--------+-----+--------+
         Total |   3272 |   3197 |     75 |    114 |   2585 |   5 |  654.4 |
       Dungeon |   3272 |   3197 |     75 |    114 |   2585 |   5 |  654.4 |
               +--------+--------+--------+--------+--------+-----+--------+

Top non-repeatable levels by time:
     D:3: 1015 daAuts
     D:1: 1013 daAuts
     D:2: 663 daAuts
     D:5: 322 daAuts
     D:4: 258 daAuts
